 Dungeon Crawl Stone Soup version 0.31.0-1-g2c135a008e (webtiles) character file.

Game seed: 17607059645317463164

61 qw the Shooter (level 4, -2/34 HPs)
             Began as a Djinni Hunter on Jan 23, 2024.
             Slain by Robin
             ... wielding a +0 short sword
              (3 damage)
             ... on level 2 of the Dungeon.
             The game lasted 00:00:03 (706 turns).

qw the Shooter (Djinni Hunter)                       Turns: 706, Time: 00:00:04

Health: -2/34      AC:  3    Str: 10    XL:     4   Next: 27%
Gold:   30         EV: 12    Int: 11    God:
                   SH:  0    Dex: 18

rFire   + + .        a - +0 shortbow
rCold   x . .        (shield currently unavailable)
rNeg    . . .        c - +0 leather armour
rPois   inf          (no helmet)
rElec   .            (no cloak)
rCorr   .            (no gloves)
SInv    +            (boots unavailable)
Will    +....        j - amulet of faith
Stlth   ++           f - ring of see invisible
HPRegen 0.25/turn    h - ring of willpower
MPRegen 0.00/turn

%: faith, infuse magic (-3 HP)
@: flying
A: sickness immunity, fire resistance 2, cold vulnerability 1, float, innate
caster, HP casting, extra vitality 1
a: no special abilities


You were on level 2 of the Dungeon.
You visited 1 branch of the dungeon, and saw 2 of its levels.

You collected 30 gold pieces.


Innate Abilities, Weirdness & Mutations

You are immune to sickness and miasma.
You are immune to poison.
Your flesh is very heat resistant. (rF++)
You are vulnerable to cold. (rC-)
You float through the air rather than walking.
You learn spells naturally, not from books.
Your magical power is your life essence.
You have superior vitality. (+4 MHP)


   Skills:
 + Level 2.9 Fighting
 - Level 4.1 Ranged Weapons
 - Level 2.1 Dodging
 - Level 0.7 Stealth


You knew the following spells:

 Your Spells              Type           Power      Damage    Failure   Level
a - Summon Small Mammal   Summ           0%         N/A       43%         1
Your spell library was empty.

Inventory:

Hand Weapons
 a - a +0 shortbow (weapon)
Armour
 c - a +0 leather armour (worn)
Jewellery
 f - a ring of see invisible (left hand)
 h - a ring of willpower (right hand)
 j - an amulet of faith (around neck)
Potions
 b - a potion of heal wounds {unknown}
 e - a potion of ambrosia {unknown}
 g - a potion of haste {unknown}

Dungeon Overview and Level Annotations

Branches:
Dungeon (2/15)

Altars:

Annotations:
D:2 Robin


Message History

The goblin hits you but does no damage. The goblin barely misses you. x2
The goblin moves out of view.
You shoot an arrow. The arrow hits the goblin.
The goblin is severely wounded.
A hobgoblin comes into view.
The hobgoblin hits you. The goblin closely misses you.
You shoot an arrow. The arrow barely misses the goblin.
An adder comes into view.
The hobgoblin hits you but does no damage.
Robin roars a battlecry!
The goblins go into a battle-frenzy!
The goblin barely misses you. The goblin hits you but does no damage.
You hear a shout!
You shoot an arrow. The arrow hits the goblin!
You kill the goblin!
The hobgoblin hits you but does no damage.
The goblin misses you. The hobgoblin closely misses you.
You shoot an arrow. The arrow hits the hobgoblin!
You kill the hobgoblin!
The goblin hits you with a +0 dagger. The hobgoblin hits you.
Robin throws the goblin at you! The hobgoblin barely misses you.
The goblin closely misses you.
You shoot an arrow. The arrow barely misses Robin.
The arrow barely misses the adder.
The arrow hits the hobgoblin!
You kill the hobgoblin!
Robin misses you. The hobgoblin hits you.
The adder bites you but does no damage. The goblin closely misses you.
You shoot an arrow.
The arrow hits Robin but does no damage.
The adder barely misses you. Robin hits you with a +0 short sword.
The hobgoblin hits you. The goblin hits you with a +0 dagger.
You shoot an arrow. The arrow barely misses Robin.
The arrow barely misses the goblin.
The adder closely misses you. Robin hits you with a +0 short sword.
The hobgoblin hits you. The goblin barely misses you. The adder bites you.
You shoot an arrow. The arrow hits Robin.
Robin is moderately wounded.
Robin hits you with a +0 short sword.
You die...
Robin calls out, "Let's celebrate!
Time for a feast!"

#..### #######
#####....###.....#
......##..##.....#
####....<..#....<#
#...###.#.#.....#
##.### #...).....#
...# ##..#.....#
.### ###......g#
###### #........@##
)....###.##....ggS#
####..#.....####....
##.........# #g....#
###.(........#
#%..#..#
#...#.#......#
..#.....#
..##....######
.#####... ####...##
. .. ####...#


You could see Robin, an adder, a hobgoblin (strong) and 2 goblins.

Vanquished Creatures
  A gnoll (D:1)
  A dart slug (D:2)
  An endoplasm (D:2)
  2 giant cockroaches (D:1)
  7 goblins
  10 hobgoblins
  2 jackals (D:2)
  5 kobolds
  5 quokkas
  2 ball pythons
  4 bats
  3 rats
43 creatures vanquished.

Notes
Turn   | Place    | Note
-------+----------+-------------------------------------------
     0 | D:1      | qw the Djinni Hunter began the quest for the Orb.
     0 | D:1      | Reached XP level 1. HP: 18/18 MP: 0/0
     0 | D:1      | 0 ||| qw: Version: 0.3-a-136-gdd3b4e8
     0 | D:1      | 0 ||| qw: Game counter: 1055
     0 | D:1      | 0 ||| qw: Melee chars always use a shield: true
     0 | D:1      | 0 ||| qw: God list: Okawaru
     0 | D:1      | 0 ||| qw: Allow faded altars: false
     0 | D:1      | 0 ||| qw: Do Orc after clearing Dungeon:15 true
     0 | D:1      | 0 ||| qw: Do second Lair branch before Depths: true
     0 | D:1      | 0 ||| qw: Lair rune preference: random
     0 | D:1      | 0 ||| qw: Goals: Normal
     0 | D:1      | 0 ||| PLANNING D:1-11
    78 | D:1      | Reached XP level 2. HP: 23/23 MP: 0/0
   260 | D:1      | Reached XP level 3. HP: 28/28 MP: 0/0
   260 | D:1      | Learned a level 1 spell: Summon Small Mammal
   298 | D:1      | Reached skill level 4 in Ranged Weapons
   367 | D:1      | 367 ||| UPGRADING to amulet of faith.
   372 | D:1      | 372 ||| UPGRADING to ring of see invisible.
   373 | D:1      | 373 ||| UPGRADING to ring of willpower.
   374 | D:1      | 374 ||| READING 2 scrolls labelled MEUCICRO BOQUGE.
   375 | D:1      | 375 ||| READING scroll labelled EMOCHI NUODOFE.
   375 | D:1      | 375 ||| ENCHANTING +0 shortbow.
   376 | D:1      | 376 ||| DROPPING scroll of butterflies.
   377 | D:1      | 377 ||| DROPPING scroll of blinking.
   543 | D:2      | Reached XP level 4. HP: 34/34 MP: 0/0
   693 | D:2      | Noticed Robin
   704 | D:2      | HP: 6/34 [goblin/+0 dagger[Robin] (3)]
   705 | D:2      | HP: 1/34 [adder (3)]
   706 | D:2      | Slain by Robin

Levels and vault maps discovered:
D:1:      dpeg_arrival_stone_temple_mockup, layout_rooms
D:2:      layout_rooms, serial_bayou_pond_e, grunt_decor_cap, uniq_robin

Skill      XL: |  1  2  3 |
---------------+----------+-----
Ranged Weapons | 4 |  4.1
Fighting       | |  2.9
Dodging        | |  2.1
Stealth        | |  0.7

Action                     |  1- 3 |  4- 6 || total
---------------------------+-------+-------++-------
   Fire: Shortbow          |    75 |    26 ||   101
    Use: Scroll            |     2 |       ||     2
 Armour: Leather armour    |     3 |    24 ||    27
  Dodge: Dodged            |     2 |    22 ||    24

Table legend:
 A = Non-vault XP
 B = Vault XP
 C = Vault XP percentage of total XP
 D = Non-vault monster count
 E = Vault monster count
 F = Vault count percentage of total count
                 A         B        C        D         E       F
            +---------+---------+-------+---------+---------+-------
      Total |      76 |      12 |  13.6 |      36 |       7 |  16.3
            +---------+---------+-------+---------+---------+-------
        D:1 |      44 |       0 |   0.0 |      18 |       0 |   0.0
        D:2 |      32 |      12 |  27.3 |      18 |       7 |  28.0
            +---------+---------+-------+---------+---------+-------
